 Dungeon Crawl Stone Soup version 0.31-a0-740-g87205ac768 (webtiles) character file.

Game seed: 9891979591832446479

1547 Joey1 the Cleaver (level 8, -7/68 HPs)
             Began as a Minotaur Fighter on Sept 12, 2023.
             Mangled by a boulder beetle (13 damage)
             ... on level 7 of the Dungeon.
             The game lasted 00:08:49 (4849 turns).

Joey1 the Cleaver (Minotaur Fighter)                Turns: 4849, Time: 00:08:50

Health: -7/68      AC: 12    Str: 23    XL:     8   Next: 57%
Magic:  7/7        EV:  5    Int: 11    God:
Gold:   395        SH: 18    Dex: 10    Spells: 7/7 levels left

rFire   . . .        a - +0 war axe
rCold   . . .        C - +0 tower shield
rNeg    . . .        D - +0 plate armour
rPois   .            (helmet restricted)
rElec   .            (no cloak)
rCorr   +            (no gloves)
SInv    .            r - +0 pair of boots
Will    .....        v - amulet of reflection Stlth
                     f - +6 ring of intelligence
HPRegen 0.31/turn    n - ring of resist corrosion
MPRegen 0.10/turn

%: reflection
@: no status effects
A: horns 2, retaliatory headbutt
a: no special abilities


You were on level 7 of the Dungeon.
You visited 1 branch of the dungeon, and saw 7 of its levels.

You collected 395 gold pieces.

Inventory:

Hand Weapons
 a - a +0 war axe (weapon)
 A - a +1 vampiric demon whip
 F - a +2 morningstar of draining
Missiles
 h - 2 throwing nets
Armour
 b - a +0 scale mail
 c - a +0 buckler
 r - a +0 pair of boots (worn)
 C - a +0 tower shield (worn)
 D - a +0 plate armour (worn)
Jewellery
 f - a +6 ring of intelligence (left hand)
 n - a ring of resist corrosion (right hand)
 v - an amulet of reflection (around neck)
 E - an amulet of guardian spirit
Wands
 q - a wand of polymorph (6)
 x - a wand of flame (39)
Scrolls
 g - 3 scrolls of teleportation
 j - 2 scrolls of enchant armour
 l - 2 scrolls of fear
 o - a scroll of vulnerability {unknown}
 s - 2 scrolls of immolation {unknown}
 u - a scroll of fog {unknown}
 y - a scroll of revelation {unknown}
 B - a scroll of noise {unknown}
Potions
 d - 5 potions of might
 e - a potion of curing {unknown}
 i - 4 potions of heal wounds
 k - a potion of berserk rage
 m - 3 potions of haste
 p - a potion of attraction {unknown}
 t - 2 potions of ambrosia
 w - a potion of mutation {unknown}
 z - 2 potions of cancellation {unknown}
 H - 2 potions of degeneration {unknown}


   Skills:
 - Level 5.0 Fighting
 + Level 10.4 Axes
 - Level 3.6 Armour
 - Level 3.0 Dodging
 + Level 7.3 Shields


You had 7 spell levels left.
You didn't know any spells.
Your spell library contained the following spells:

 Spells                   Type           Power      Damage    Failure   Level
 Magic Dart               Conj           0%         1d3       100%        1
 Shock                    Conj/Air       0%         1d3       100%        1
 Ensorcelled Hibernation  Hex/Ice        0%         N/A       100%        2
 Passwall                 Tmut/Erth      0%         N/A       100%        2
 Searing Ray              Conj           0%         2d4       100%        2
 Swiftness                Air            0%         N/A       100%        3
 Airstrike                Air            0%         2d(0-16)  100%        4
 Fulminant Prism          Conj/Hex       0%         3d5       100%        4


Dungeon Overview and Level Annotations

Branches:
Dungeon (7/15)
 Temple: D:4-7

Altars:
Elyvilon
Fedhas
Kikubaaqudgha
Uskayaw
Vehumet
Wu Jian

Shops:
D:1 [


Innate Abilities, Weirdness & Mutations

You have a pair of horns on your head.
You reflexively headbutt those who attack you in melee.


Message History

You block the orc's attack. The boulder beetle bites you!
The orc hits you but does no damage. The boulder beetle bites you!!
You hit the boulder beetle but do no damage.
You headbutt the boulder beetle, but do no damage.
The boulder beetle is lightly wounded.
You block the orc's attack.
The boulder beetle leaps!
The orc hits you but does no damage.
Things that are here:
a +0 club; a +0 dagger; a +0 robe You block the orc's attack.
There is an open door, spattered with blood here.
The boulder beetle waves its antennae.
You close the door.
An orc opens the door.
You block the orc's attack.
You hit the boulder beetle. You headbutt the boulder beetle.
The boulder beetle is moderately wounded.
You block the orc's attack. The boulder beetle bites you!
* * * LOW HITPOINT WARNING * * *
You hit the boulder beetle.
The boulder beetle is moderately wounded.
You block the orc's attack.
The boulder beetle bites you but does no damage.
You hit the boulder beetle but do no damage.
The boulder beetle is moderately wounded.
You block the orc's attack. You block the boulder beetle's attack.
You block the orc's attack.
You slash the boulder beetle!
The boulder beetle is heavily wounded.
The boulder beetle bites you!
* * * LOW HITPOINT WARNING * * *
You block the orc's attack. You block the boulder beetle's attack.
You hit the boulder beetle.
You headbutt the boulder beetle, but do no damage.
The boulder beetle is heavily wounded.
You block the orc's attack. The boulder beetle barely misses you.
You furiously retaliate!
You headbutt the boulder beetle! You hit the boulder beetle.
The boulder beetle is severely wounded.
The orc hits you but does no damage. The boulder beetle bites you!
You die...

#...# ##...# ##### #....#
########...###....#########.#
............##..............#
........###.....#............
###+###..##.####..###'###....
##....###..##.#.#.##..#
##...@...##.#.#.#.## .
####B####.#.#.#.#.##
#.)o..#.#.#.#.#.#.#
#.....##.#.#.#.#.##
+.....+.#.#.#.#.#.+
#.....##.#.#.#.#.##
#.....#.#.#.#.#)#.#
###'####.#.#.#.#.## ...
#.#.#.#.##


You could see a boulder beetle and an orc.

Vanquished Creatures
  A yak (D:7)
  Edmund (D:4)
  Pargi (D:3)
  An ogre (D:5)
  A black bear (D:5)
  A centaur (D:5)
  A kobold brigand (D:6)
  2 scorpions
  A wight (D:7)
  2 jellies
  An orc priest (D:6)
  7 hounds
  Ijyb (D:4)
  An iguana (D:5)
  3 orc wizards
  7 gnolls
  9 adders
  2 white imps
  An ufetubus (D:5)
  3 worms
  A dart slug (D:4)
  13 orcs
  8 ball pythons
  5 endoplasms
  A giant cockroach (D:4)
  6 goblins
  7 hobgoblins
  14 jackals
  10 kobolds
  4 quokkas
  6 bats
  4 frilled lizards
  5 rats
131 creatures vanquished.

Vanquished Creatures (others)
  A kobold (D:6)
1 creature vanquished.

Grand Total: 132 creatures vanquished

Notes
Turn   | Place    | Note
-------+----------+-------------------------------------------
     0 | D:1      | Joey1 the Minotaur Fighter began the quest for the Orb.
     0 | D:1      | Reached XP level 1. HP: 19/19 MP: 0/0
    21 | D:1      | Found Divea's Antique Armour Emporium.
   136 | D:1      | Reached XP level 2. HP: 27/27 MP: 1/1
   145 | D:1      | Found a faded altar of an unknown god.
   283 | D:1      | Reached skill level 1 in Dodging
   557 | D:1      | Reached skill level 3 in Axes
   792 | D:2      | Reached XP level 3. HP: 33/33 MP: 2/2
  1090 | D:2      | Reached XP level 4. HP: 40/40 MP: 3/3
  1131 | D:2      | Found a blossoming altar of Fedhas.
  1611 | D:3      | Noticed Pargi
  1628 | D:3      | Killed Pargi
  1629 | D:3      | Reached skill level 4 in Axes
  1629 | D:3      | Reached XP level 5. HP: 20/47 MP: 4/4
  1740 | D:3      | Reached skill level 5 in Shields
  1815 | D:3      | Reached skill level 5 in Fighting
  2154 | D:3      | Found an ancient bone altar of Kikubaaqudgha.
  2322 | D:4      | Reached XP level 6. HP: 52/56 MP: 5/5
  2381 | D:4      | Found a hide-covered altar of Uskayaw.
  2396 | D:4      | Noticed Edmund
  2414 | D:4      | Killed Edmund
  2415 | D:4      | Reached skill level 5 in Axes
  2519 | D:4      | Noticed Ijyb
  2529 | D:4      | Killed Ijyb
  2603 | D:4      | Found a radiant altar of Vehumet.
  2712 | D:4      | Found a white marble altar of Elyvilon.
  2831 | D:4      | Reached skill level 6 in Axes
  2876 | D:5      | Entered Level 5 of the Dungeon
  2901 | D:5      | Reached XP level 7. HP: 54/61 MP: 6/6
  2956 | D:5      | Reached skill level 7 in Axes
  3179 | D:5      | Reached skill level 8 in Axes
  3398 | D:5      | Reached skill level 9 in Axes
  3398 | D:5      | Reached XP level 8. HP: 68/68 MP: 7/7
  4060 | D:6      | Found an ornate altar of the Wu Jian Council.
  4683 | D:7      | Reached skill level 10 in Axes
  4828 | D:7      | Noticed a boulder beetle
  4849 | D:7      | Mangled by a boulder beetle

Illustrated notes

Levels and vault maps discovered:
D:1:      sevenhm_arrival_forest_fort_small_3, layout_basic, serial_shops, shop,
          shapermc_ecumenical_altar_gd
D:2:      layout_loops_ring, basic_altar
D:3:      layout_loops_ring, mainiacjoe_overflow_surrounded_room,
          chequers_jeans, uniq_pargi
D:4:      layout_rooms, lemuel_round_altar, mainiacjoe_overflow_large_starburst,
          chequers_serial_rivers_micro_b, uniq_edmund, uniq_ijyb
D:5:      layout_cave_pools, minmay_chambers_of_fives
D:6:      hellmonk_crumbling_castle, layout_gridville,
          mainiacjoe_overflow_six_doors_small
D:7:      minmay_the_grid_octo_tiled_octocenter [minmay_the_grid_octo_empty,
          minmay_the_grid_octo_fat_diamond, minmay_the_grid_octo_checkered,
          minmay_the_grid_octo_toaster,
          minmay_the_grid_octo_prize_single_spiral,
          minmay_the_grid_square_5x5_minibox,
          minmay_the_grid_square_5x5_inner_z, minmay_the_grid_square_5x5_empty,
          minmay_the_grid_square_5x5_c], layout_basic,
          worldfamousw_hep_ancestral_shrine, minmay_temple_entry_junction_2,
          chequers_serial_rivers_micro_b, chequers_garden,
          minmay_fractal_squares_gapless_5

Skill      XL: |  1  2  3  4  5  6  7  8 |
---------------+-------------------------+-----
Dodging        | 1 2 3 |  3.0
Shields        | 4 5 6 7 |  7.3
Fighting       | 4 5 |  5.0
Axes           | 3 4 6 9 10 | 10.4
Armour         | |  3.6

Action                     |  1- 3 |  4- 6 |  7- 9 || total
---------------------------+-------+-------+-------++-------
  Melee: War axe           |    93 |   134 |   134 ||   361
         Headbutt          |    12 |    20 |    21 ||    53
    Use: Scroll            |       |       |     7 ||     7
 Armour: Scale mail        |    85 |    90 |    66 ||   241
         Plate armour      |       |       |    29 ||    29
  Dodge: Dodged            |    46 |    84 |    45 ||   175
  Block: Buckler           |    22 |    46 |    46 ||   114
         Reflection        |       |       |    11 ||    11
         Tower shield      |       |       |    74 ||    74

Table legend: (Time is in decaauts)
 A = Elapsed time spent in this place.
 B = Non-inter-level travel time spent in this place.
 C = Inter-level travel time spent in this place.
 D = Time resting spent in this place.
 E = Time spent auto-exploring this place.
 F = Levels seen in this place.
 G = Mean time per level.
                   A        B        C        D        E       F      G
               +--------+--------+--------+--------+--------+-----+--------+
         Total |   4949 |   4754 |    195 |     80 |   3779 |   7 |  707.0 |
       Dungeon |   4949 |   4754 |    195 |     80 |   3779 |   7 |  707.0 |
               +--------+--------+--------+--------+--------+-----+--------+

Top non-repeatable levels by time:
     D:5: 912 daAuts
     D:6: 852 daAuts
     D:3: 819 daAuts
     D:1: 801 daAuts
     D:2: 744 daAuts
     D:4: 583 daAuts
     D:7: 234 daAuts
